 Dungeon Crawl Stone Soup version 0.20.0-10-g0535bb4 (webtiles) character file.

48325 kuniqs the Blocker (level 14, -10/127 HPs)
             Began as a Minotaur Fighter on June 4, 2017.
             Was the Champion of the Shining One.
             Mangled by a slime creature (12 damage)
             ... on level 15 of the Dungeon.
             The game lasted 00:25:20 (16201 turns).

kuniqs the Blocker (Minotaur Fighter)              Turns: 16201, Time: 00:25:21

Health: -10/127    AC: 18    Str: 27    XL:     14   Next: 11%
Magic:  20/20      EV: 12    Int:  5    God:    the Shining One [******]
Gold:   1291       SH: 17    Dex:  9    Spells: 13/13 levels left

rFire    + . .     SeeInvis .   U - +4 flail
rCold    + . .     Gourm    .   c - +0 shield
rNeg     + + +     Faith    .   s - +0 plate armour
rPois    +         Spirit   .   Y - +0 hat
rElec    .         Reflect  +   F - scarf {rC+ rF+}
rCorr    +         Harm     .   K - +0 pair of gloves
MR       +....                  p - +0 pair of boots
Stlth    ..........             y - +4 amulet of reflection
Regen    0.4/turn               Z - ring of resist corrosion
MPRegen  0.2/turn               V - ring of poison resistance

@: glowing
A: retaliatory headbutt, horns 2, sturdy frame 1
a: Divine Shield, Cleansing Flame, Summon Divine Warrior, Brand Weapon With Holy
Wrath, Renounce Religion


You were on level 15 of the Dungeon.
You worshipped the Shining One.
The Shining One was exalted by your worship.
You were near starving.

You visited 1 branch of the dungeon, and saw 15 of its levels.
You also visited: Sewer and Ice Cave.

You collected 1291 gold pieces.

Inventory:

Hand Weapons
 a - a +0 short sword of distortion
 n - a +1 dagger of distortion
 U - a +4 flail (weapon)
Missiles
 T - 2 throwing nets (quivered)
Armour
 c - a +0 shield (worn)
 p - a +0 pair of boots (worn)
 s - a +0 plate armour (worn)
 F - a scarf of resistance (worn)
 K - a +0 pair of gloves (worn)
 Y - a +0 hat (worn)
Jewellery
 y - a +4 amulet of reflection (around neck)
 V - a ring of poison resistance (right hand)
 Z - a ring of resist corrosion (left hand)
Wands
 C - a wand of lightning (0/15)
 R - a wand of paralysis (12/24)
 X - a wand of iceblast (5/15)
Scrolls
 b - a scroll of summoning {unknown}
 i - 6 scrolls of magic mapping {unknown}
 k - 4 scrolls of recharging {unknown}
 l - 8 scrolls of remove curse {@r2}
 r - a scroll of fear {unknown}
 t - 4 scrolls of blinking {unknown}
 u - 14 scrolls of identify {@r1}
 v - 3 scrolls of immolation {unknown}
 z - 5 scrolls of teleportation {unknown}
 B - 3 scrolls of enchant armour {unknown}
 E - 3 scrolls of fog {unknown}
 G - a scroll of enchant weapon {unknown}
 H - a scroll of holy word {unknown}
 L - 2 scrolls of amnesia {unknown}
 M - a scroll of random uselessness {unknown}
Potions
 g - 3 potions of might
 h - 2 potions of mutation {unknown}
 j - 2 potions of heal wounds
 m - 8 potions of haste
 o - 2 potions of flight {unknown}
 q - 4 potions of brilliance {unknown}
 w - 2 potions of magic {unknown}
 A - 6 potions of curing {unknown}
 D - a potion of degeneration {unknown}
 I - a potion of invisibility {unknown}
 J - 2 potions of resistance {unknown}
 N - 2 potions of berserk rage {unknown}
 Q - a potion of agility {unknown}
 S - a potion of lignification {unknown}
 W - a potion of ambrosia {unknown}
Comestibles
 d - 9 bread rations
 e - 10 meat rations
 f - 9 fruits
 x - 6 royal jellies


   Skills:
 + Level 12.8 Fighting
 + Level 12.6 Maces & Flails
 + Level 12.7 Armour
 - Level 9.2 Dodging
 + Level 12.9 Shields
 + Level 10.6 Invocations


You had 13 spell levels left.
You didn't know any spells.

Dungeon Overview and Level Annotations

Branches:
Dungeon (15/15)            Temple (0/1) D:4            Lair (0/6) D:10
    Orc (0/2) D:12         Vaults (0/5) D:13         Depths (0/5) D:15

Altars:
Ashenzari
Nemelex Xobeh
Sif Muna
Trog
Uskayaw
Vehumet
The Shining One

Shops:
D:9 *   D:12 =


Innate Abilities, Weirdness & Mutations

You reflexively headbutt those who attack you in melee.
You have a pair of horns on your head.
Your movements are slightly less encumbered by armour. (ER -2)


Message History

You thump the yaktaur captain!
The yaktaur captain is heavily wounded.
The crimson imp blinks!
You sock the yaktaur captain!
Your headbutt misses the yaktaur captain.
The yaktaur captain is severely wounded.
The slime creature hits you but does no damage.
The yaktaur captain hits you!!
* * * LOW HITPOINT WARNING * * *
You hit the yaktaur captain but do no damage.
You headbutt the yaktaur captain!
The yaktaur captain is almost dead.
The slime creature completely misses you.
You block the yaktaur captain's attack.
You sock the slime creature!
The slime creature is heavily wounded.
The yaktaur captain hits you!
* * * LOW HITPOINT WARNING * * *
The slime creature hits you!
You die...

....(......8...P..####.#..##..###
#..###..................#....##
.............####.#####...####
.............# #.# #..###
#..###..#.#######.# ###.(#.####
#...........[.....# #....(......
#..##.#.#.#.#.###.###.(.(......#
#(.##.#.#.#.#.##.c.#..........#.
......#.#.#.#.#.@J..(.5..#...#..
.....)....#.#....(<.....#...#.F.
#.†#....###................#....
#..#.######.........#.#.#.#.....
#.<#.#####..........#........#.
.).#.##....#.[......##.§..#.#.
##.#.##.##....#......##......
##.#.##.###.#.........##..#.
....).............##.## #..


You could see a yaktaur captain, a slime creature and a crimson imp.

Vanquished Creatures
  A hydra (D:14)
  2 centaur warriors
  A death knight (D:14)
  10 two-headed ogres
  2 ogre magi
  4 tengu warriors
  A titan zombie (D:15)
  Sonja (D:10)
  6 skeletal warriors
  An unseen horror (D:14)
  A flayed ghost (D:15)
  Pikel (D:8)
  A phantasmal warrior (D:15)
  A necromancer (D:15)
  8 ugly things
  2 manticores (D:13)
  A deep elf mage (D:15)
  An elephant (D:10)
  A gargoyle (D:10)
  3 ice statues (IceCv)
  An elf zombie (D:15)
  A redback zombie (D:15)
  2 efreet
  3 freezing wraiths (D:15)
  2 tengu conjurers
  A merfolk (D:9)
  Prince Ribbit (D:8)
  A hornet (shapeshifter) (D:15)
  Grinder (D:5)
  A deep troll zombie (D:15)
  2 hornets (D:11)
  11 slime creatures
  6 hippogriffs
  An ice dragon zombie (D:15)
  A redback (D:11)
  6 wraiths
  3 wyverns
  A centaur simulacrum (D:14)
  20 yaks
  4 flying skulls (D:9)
  4 shadows
  A basilisk (D:10)
  2 hungry ghosts
  A steam dragon (D:12)
  4 vampire mosquitoes (D:15)
  2 orc warriors
  A phantom (D:14)
  9 ice beasts
  4 slaves (D:9)
  2 eyes of draining
  A hornet zombie (D:9)
  5 sky beasts
  5 ogres
  4 centaurs
  2 crocodiles
  4 big kobolds
  14 bullfrogs
  A wyvern zombie (D:14)
  7 scorpions
  17 wights
  9 killer bees
  2 howler monkeys
  2 electric eels (D:11)
  7 crimson imps
  3 bullfrog zombies
  4 centaur zombies
  5 jellies
  7 orc wizards
  6 orc priests
  6 hounds
  6 bullfrog skeletons
  5 centaur skeletons
  3 iguanas
  12 worker ants
  The ghost of 4thArraOfDagon the Ruffian, a weakling BaTm of Okawaru (D:6)
  2 hound zombies
  4 hound skeletons
  2 worker ant zombies
  3 gnolls (D:4)
  2 howler monkey skeletons
  19 adders
  3 shadow imps
  12 oozes
  3 adder skeletons
  3 adder zombies
  6 worms
  2 dart slugs
  19 leopard geckos
  40 orcs
  10 ball pythons
  19 giant cockroaches
  6 goblins
  8 hobgoblins
  8 jackals
  4 quokkas
  6 bats
  12 frilled lizards
  27 kobolds
  2 leopard gecko skeletons
  2 quokka skeletons
  14 rats
524 creatures vanquished.

Vanquished Creatures (others)
  A centaur warrior (D:15)
  A kobold (D:13)
2 creatures vanquished.

Grand Total: 526 creatures vanquished

Notes
Turn   | Place    | Note
-------+----------+-------------------------------------------
     0 | D:1      | kuniqs the Minotaur Fighter began the quest for the Orb.
     0 | D:1      | Reached XP level 1. HP: 19/19 MP: 0/0
    91 | D:1      | Reached skill level 1 in Dodging
   100 | D:1      | Reached XP level 2. HP: 10/27 MP: 1/1
   391 | D:1      | Found a sparkling altar of Nemelex Xobeh.
   810 | D:2      | Reached XP level 3. HP: 32/33 MP: 2/2
  1046 | D:2      | Found a radiant altar of Vehumet.
  1046 | D:2      | Found a glowing golden altar of the Shining One.
  1066 | D:2      | Found a faded altar of an unknown god.
  1068 | D:2      | Became a worshipper of the Shining One
  1294 | D:2      | Found a bloodstained altar of Trog.
  1322 | D:2      | Reached XP level 4. HP: 32/40 MP: 3/3
  1905 | D:2      | Found a hide-covered altar of Uskayaw.
  1907 | D:2      | Found a faded altar of an unknown god.
  2420 | D:3      | Reached skill level 1 in Invocations
  2420 | D:3      | Reached XP level 5. HP: 46/47 MP: 4/4
  2494 | D:4      | Reached * piety under the Shining One
  2872 | D:4      | Reached XP level 6. HP: 42/55 MP: 6/6
  2895 | D:4      | Reached skill level 5 in Shields
  2906 | D:4      | Reached skill level 5 in Fighting
  3021 | D:4      | Found a staircase to the Ecumenical Temple.
  3566 | D:5      | Entered Level 5 of the Dungeon
  3575 | D:5      | Reached XP level 7. HP: 61/61 MP: 7/7
  3661 | D:5      | Reached skill level 5 in Armour
  3681 | D:5      | Noticed Grinder
  3687 | D:5      | Paralysed by Grinder for 6 turns
  3695 | D:5      | Killed Grinder
  3695 | D:5      | Reached ** piety under the Shining One
  3733 | D:5      | Found a sparkling altar of Nemelex Xobeh.
  3743 | D:5      | Got a crystal dagger
  3744 | D:5      | Identified the +1 dagger of Ker Har {flame, rN++} (You found it on level 5 of the Dungeon)
  3804 | D:5      | Reached skill level 5 in Maces & Flails
  3804 | D:5      | Reached XP level 8. HP: 70/70 MP: 9/9
  4291 | D:6      | Found a shattered altar of Ashenzari.
  4542 | D:6      | Found a glowing drain.
  4552 | D:6      | Noticed 4thArraOfDagon's ghost (weakling BaTm)
  4557 | Sewer    | Entered a sewer
  4604 | Sewer    | Reached skill level 5 in Dodging
  4850 | D:6      | Killed 4thArraOfDagon's ghost
  4873 | D:6      | Reached *** piety under the Shining One
  4876 | D:6      | Reached XP level 9. HP: 72/79 MP: 11/11
  6671 | D:8      | Reached skill level 5 in Invocations
  6677 | D:8      | Reached **** piety under the Shining One
  6678 | D:8      | Noticed Prince Ribbit
  6688 | D:8      | Killed Prince Ribbit
  6999 | D:8      | Noticed a two-headed ogre
  7011 | D:8      | Killed a two-headed ogre
  7011 | D:8      | Reached XP level 10. HP: 83/88 MP: 11/13
  7332 | D:9      | Noticed a skeletal warrior
  7354 | D:9      | Killed a skeletal warrior
  7511 | D:9      | Noticed Pikel
  7548 | D:8      | Killed Pikel
  7689 | D:9      | Reached ***** piety under the Shining One
  7867 | D:9      | Noticed a two-headed ogre
  7887 | D:9      | Killed a two-headed ogre
  7887 | D:9      | Reached XP level 11. HP: 62/97 MP: 13/15
  8123 | D:9      | Found Pemayczeo's General Store.
  8585 | D:10     | Entered Level 10 of the Dungeon
  8834 | D:10     | Found a staircase to the Lair.
  8854 | D:10     | Reached skill level 10 in Shields
  8912 | D:10     | Noticed Sonja
  8992 | D:10     | Killed Sonja
  9862 | D:11     | Reached ****** piety under the Shining One
  9914 | D:11     | Noticed a white ugly thing
  9932 | D:11     | Killed a white ugly thing
  9932 | D:11     | Reached skill level 10 in Fighting
  9950 | D:11     | Found a frozen archway.
 10005 | IceCv    | Entered an ice cave
 10039 | IceCv    | Reached skill level 10 in Armour
 10107 | IceCv    | Noticed a white ugly thing
 10121 | IceCv    | Killed a white ugly thing
 10121 | IceCv    | Reached skill level 10 in Maces & Flails
 10272 | IceCv    | HP: 5/100 [ice statue/shard of ice (20)]
 10299 | IceCv    | HP: 5/100 [ice beast[an ice statue] (4)]
 10320 | IceCv    | HP: 1/100 [ice beast[an ice statue] (7)]
 10746 | IceCv    | Reached XP level 12. HP: 46/106 MP: 16/16
 11011 | IceCv    | Identified the +8 rapier of Fate {pierce, Dex+3} (You found it in an ice cave)
 11488 | D:12     | Found a staircase to the Orcish Mines.
 11931 | D:12     | Gained mutation: Your movements are slightly less encumbered by armour. (ER -2) [mutagenic meat]
 12203 | D:12     | Found Vaugh's Jewellery Boutique.
 12349 | D:12     | Noticed a two-headed ogre
 12355 | D:12     | Killed a two-headed ogre
 12500 | D:13     | Noticed a two-headed ogre
 12501 | D:13     | Noticed a two-headed ogre
 12516 | D:13     | Killed a two-headed ogre
 12517 | D:13     | Noticed an ogre mage
 12527 | D:13     | Killed an ogre mage
 12547 | D:13     | Found a gate to the Vaults.
 12609 | D:13     | Killed a two-headed ogre
 12757 | D:13     | Noticed a centaur warrior
 12764 | D:13     | Killed a centaur warrior
 12831 | D:13     | Noticed a tengu warrior
 12870 | D:13     | Killed a tengu warrior
 13353 | D:14     | Noticed an eight-headed hydra
 13359 | D:14     | Killed an eight-headed hydra
 13584 | D:14     | Reached XP level 13. HP: 90/116 MP: 18/18
 14265 | D:14     | Found a deep blue altar of Sif Muna.
 14715 | D:15     | Entered Level 15 of the Dungeon
 14886 | D:15     | Reached skill level 10 in Invocations
 14923 | D:15     | Found a staircase to the Depths.
 15606 | D:15     | Reached XP level 14. HP: 124/127 MP: 20/20
 16201 | D:15     | HP: 2/127 [yaktaur captain (13)]
 16201 | D:15     | Mangled by a slime creature

Skill      XL: |  1  2  3  4  5  6  7  8  9 10 11 12 13 |
---------------+----------------------------------------+-----
Dodging        | 1 2 3 4 5 6 7 8 9 |  9.2
Shields        | 4 5 6 7 8 9 10 11 12 | 12.9
Fighting       | 4 5 7 8 9 10 11 12 | 12.8
Maces & Flails | 3 4 5 6 7 8 10 11 12 | 12.6
Invocations    | 1 2 3 4 5 6 7 9 10 | 10.6
Armour         | 4 5 6 7 8 10 11 12 | 12.7

Action                   |  1- 3 |  4- 6 |  7- 9 | 10-12 | 13-15 || total
-------------------------+-------+-------+-------+-------+-------++-------
Melee: Flail             |   125 |   130 |   395 |   903 |   290 ||  1843
       Headbutt          |    21 |    19 |    57 |   193 |    92 ||   382
Invok: Cleansing Flame   |       |       |       |       |    14 ||    14
       Divine Shield     |       |       |       |       |     1 ||     1
Evoke: Wand              |       |       |       |     5 |       ||     5
  Use: Scroll            |       |       |     2 |     1 |     1 ||     4
       Potion            |       |       |       |     2 |     1 ||     3
  Eat: Chunk             |     1 |     8 |    15 |    20 |     6 ||    50
       Royal jelly       |       |       |       |     2 |     1 ||     3
       Fruit             |       |       |       |       |     1 ||     1
Armor: Scale mail        |    54 |    36 |   102 |       |       ||   192
       Plate armour      |       |       |     2 |   300 |    93 ||   395
Dodge: Dodged            |    39 |    45 |   102 |   219 |    82 ||   487
Block: Shield            |    84 |    78 |   299 |   642 |   227 ||  1330
       Reflection        |       |     3 |     8 |    19 |     5 ||    35
